 Dungeon Crawl Stone Soup version 0.20-a0-548-g4f8a798 (webtiles) character file.

667 Lahna the Shooter (level 7, -1/60 HPs)
             Began as a Centaur Hunter on Feb 1, 2017.
             Slain by a slave (8 damage)
             ... led by Pikel
             ... on level 5 of the Dungeon.
             The game lasted 00:10:00 (3918 turns).

Lahna the Shooter (Centaur Hunter)                  Turns: 3918, Time: 00:10:01

Health: -1/60      AC:  4    Str: 16    XL:     7   Next: 31%
Magic:  7/7        EV: 10    Int: 10    God:
Gold:   78         SH:  0    Dex: 10    Spells: 6/6 levels left

rFire    + . .     SeeInvis .   b - +6 spear of Xitsucwu {speed, rF+ MR+}
rCold    . . .     Gourm    .   c - +0 leather armour
rNeg     . . .     Faith    .   (no shield)
rPois    .         Spirit   .   (no helmet)
rElec    .         Reflect  .   (no cloak)
rCorr    .         Harm     .   (no gloves)
MR       +....                  (no barding)
Stlth    +.........             (no amulet)
Regen    0.2/turn               (no ring)
                                (no ring)

@: very quick
A: hooves 3, deformed body, speed 2, tough skin 3
a: no special abilities


You were on level 5 of the Dungeon.
You were not hungry.

You visited 1 branch of the dungeon, and saw 5 of its levels.

You collected 294 gold pieces.
You spent 216 gold pieces at shops.

Inventory:

Hand Weapons
 a - a +1 shortbow
 b - the +6 spear of Xitsucwu (weapon) {speed, rF+ MR+}
   (You bought it in a shop on level 4 of the Dungeon)

   Attacks with this weapon are significantly faster.
   It protects you from fire.
   It affects your resistance to hostile enchantments.
Missiles
 d - 68 arrows
Armour
 c - a +0 leather armour (worn)
 y - a +0 pair of gloves
Jewellery
 w - an uncursed ring of wizardry {unknown}
 B - an uncursed ring of wizardry {unknown}
Wands
 C - a wand of confusion (7/48)
Scrolls
 h - a scroll of enchant armour {unknown}
 i - a scroll of random uselessness {unknown}
 j - a scroll of blinking {unknown}
 l - 3 scrolls of magic mapping {unknown}
 m - a scroll of immolation {unknown}
 r - 5 scrolls of identify {unknown}
 s - 3 scrolls of teleportation {unknown}
 t - 2 scrolls of remove curse {unknown}
 u - a scroll of recharging {unknown}
 x - 4 scrolls of amnesia {unknown}
 E - a scroll of enchant weapon {unknown}
 G - a scroll of fog {unknown}
Potions
 e - a potion of cancellation
 k - a potion of lignification {unknown}
 n - a potion of curing
 p - 2 potions of flight {unknown}
 v - a potion of mutation {unknown}
 z - a potion of brilliance {unknown}
 D - a potion of ambrosia {unknown}
 F - a potion of magic {unknown}
Comestibles
 f - 4 bread rations
 g - 6 fruits
 o - a royal jelly
 q - a chunk of flesh
 A - a meat ration


   Skills:
 + Level 4.8 Fighting
 + Level 2.5 Polearms
 + Level 7.5 Bows
 + Level 3.3 Dodging
 - Level 0.4 Stealth


You had 6 spell levels left.
You didn't know any spells.

Dungeon Overview and Level Annotations

Branches:
Dungeon (5/15)
 Temple: D:4-7

Altars:
Ashenzari
Cheibriados
Gozag
Ru

Shops:
D:4 (

Annotations:
D:5 Pikel, Sigmund


Innate Abilities, Weirdness & Mutations

You have hooves in place of feet.
Armour fits poorly on your strangely shaped body.
You cover ground very quickly.
You have extremely tough skin. (AC +3)


Message History

Pikel is heavily wounded.
The slave hits you but does no damage.
Unknown command.
You hit Pikel.
Pikel is heavily wounded.
Pikel hits you with a whip of freezing.
* * * LOW HITPOINT WARNING * * *
Pikel freezes you.
* * * LOW HITPOINT WARNING * * *
The slave hits you but does no damage. Something hits you.
* * * LOW HITPOINT WARNING * * *
You barely miss Pikel.
Pikel is heavily wounded.
The slave closely misses you. Pikel hits you with a whip of freezing!
* * * LOW HITPOINT WARNING * * *
Pikel freezes you.
* * * LOW HITPOINT WARNING * * *
Unknown command.
It was a potion of cancellation.
You feel magically purged. The slave hits you!
You die...

▒ .. ▒▒..▒.. ...
...
▒▒▒▒▒▒▒▒▒▒.▒▒▒▒.▒▒▒
▒..........▒▒.....▒
▒........▒.▒.......
▒@p......▒.▒.......
▒Kp......▒.....⌂...
▒p({.......▒..[.((K
▒..........▒.......
▒.......(..▒▒.....▒
▒.........(▒▒▒▒.▒▒▒
▒▒.▒▒▒▒......p.....
▒.▒ ▒............
..▒ ▒.........▒▒▒


You could see Pikel and 3 slaves.

Vanquished Creatures
  Eustachio (D:4)
  A phantom (D:4)
  An ogre (D:4)
  A slave (D:5)
  A gnoll sergeant (D:4)
  An iguana (D:4)
  3 worker ants (D:4)
  Robin (D:4)
  5 gnolls (D:4)
  3 adders
  3 oozes
  2 worms
  4 dart slugs
  3 leopard geckos
  8 orcs
  A bat (D:1)
  2 giant cockroaches
  9 goblins
  7 hobgoblins
  6 jackals
  2 frilled lizards
  10 kobolds
  7 rats
82 creatures vanquished.

Notes
Turn   | Place    | Note
-------+----------+-------------------------------------------
     0 | D:1      | Lahna the Centaur Hunter began the quest for the Orb.
     0 | D:1      | Reached XP level 1. HP: 17/17 MP: 1/1
   258 | D:1      | Reached XP level 2. HP: 25/25 MP: 2/2
   834 | D:2      | Found a snail-covered altar of Cheibriados.
   921 | D:2      | Reached XP level 3. HP: 28/30 MP: 3/3
  1098 | D:2      | Found a sacrificial altar of Ru.
  1765 | D:3      | Reached XP level 4. HP: 35/38 MP: 4/4
  1812 | D:3      | Reached skill level 6 in Bows
  1952 | D:3      | Found a shattered altar of Ashenzari.
  2232 | D:4      | Found Sulukk's Antique Weapon Shop.
  2344 | D:4      | Found an opulent altar of Gozag.
  2429 | D:4      | Reached XP level 5. HP: 25/45 MP: 5/5
  2692 | D:4      | Bought an ivory spear for 216 gold pieces
  2692 | D:4      | Identified the +6 spear of Xitsucwu {speed, rF+ MR+} (You bought it in a shop on level 4 of the Dungeon)
  2716 | D:4      | Noticed Eustachio
  2741 | D:4      | Killed Eustachio
  2741 | D:4      | Reached skill level 1 in Polearms
  2741 | D:4      | Reached XP level 6. HP: 35/52 MP: 6/6
  2954 | D:4      | Noticed Robin
  2955 | D:4      | Killed Robin
  3146 | D:4      | Reached skill level 7 in Bows
  3381 | D:4      | Reached XP level 7. HP: 60/60 MP: 7/7
  3782 | D:5      | Entered Level 5 of the Dungeon
  3827 | D:5      | Found a sacrificial altar of Ru.
  3857 | D:5      | Noticed Sigmund
  3859 | D:5      | Noticed Pikel
  3918 | D:5      | Slain by a slave

Vault maps used:
D:1:      minmay_arrival_jagged
D:2:      kennysheep_slug_shrine, first_bread, minivault_26,
          nicolae_ru_sacrificial_ziggurat
D:3:      lemuel_round_altar, minmay_surrounded
D:4:      grunt_gozag_breadcrumbs, serial_shops, nicolae_shop_waterfront,
          minmay_misc_feat_pillars, uniq_eustachio, uniq_robin
D:5:      tgw_fedhas, eat_drink_and_be_merry_uskayaw, old_standard_altar,
          bloody_trog, serial_shops, nicolae_shop_behind_doors,
          minmay_splitting_lines, kennysheep_generic_room_6, uniq_edmund,
          uniq_sigmund, uniq_pikel, uniq_grinder

Skill      XL: |  1  2  3  4  5  6 |
---------------+-------------------+-----
Dodging        | 2 3 |  3.3
Fighting       | 3 4 |  4.8
Bows           | 6 7 |  7.5
Polearms       | 1 2 |  2.5
Stealth        | |  0.4

Action                   |  1- 3 |  4- 6 |  7- 9 || total
-------------------------+-------+-------+-------++-------
Melee: Short sword       |    10 |     3 |       ||    13
       Kick              |     2 |    10 |     6 ||    18
       Flail             |       |    20 |       ||    20
       Spear             |       |    57 |    30 ||    87
 Fire: Shortbow          |    85 |    65 |    25 ||   175
  Use: Potion            |       |       |     1 ||     1
  Eat: Chunk             |     1 |     4 |     1 ||     6
Armor: Leather armour    |    16 |    21 |     6 ||    43
Dodge: Dodged            |    18 |    30 |     5 ||    53
